 Dungeon Crawl Stone Soup version 0.31-a0-217-g58bb5d79cf (webtiles) character file.

Game seed: 17393775224225963436

111 qw the Shooter (level 4, -4/36 HPs)
             Began as a Minotaur Hexslinger on July 2, 2023.
             Slain by Natasha (7 damage)
             ... on level 2 of the Dungeon.
             The game lasted 00:00:30 (1244 turns).

qw the Shooter (Minotaur Hexslinger)                Turns: 1244, Time: 00:00:30

Health: -4/36      AC:  3    Str: 13    XL:     4   Next: 62%
Magic:  4/4        EV: 12    Int: 10    God:
Gold:   106        SH:  0    Dex: 14    Spells: 4/5 levels left

rFire   . . .        Y - +1 sling
rCold   . . .        (no shield)
rNeg    . . .        h - +0 leather armour
rPois   .            (helmet restricted)
rElec   .            (no cloak)
rCorr   .            (no gloves)
SInv    .            (no boots)
Will    .....        (no amulet)
Stlth   +            (no ring)
HPRegen 0.26/turn    (no ring)
MPRegen 0.09/turn

%: no passive effects
@: no status effects
A: horns 2, retaliatory headbutt
a: no special abilities


You were on level 2 of the Dungeon.
You visited 1 branch of the dungeon, and saw 2 of its levels.

You collected 106 gold pieces.


Innate Abilities, Weirdness & Mutations

You have a pair of horns on your head.
You reflexively headbutt those who attack you in melee.


   Skills:
 + Level 2.1 Fighting
 - Level 5.1 Ranged Weapons
 - Level 2.1 Dodging
 - Level 1.0 Spellcasting
 - Level 2.0 Hexes


You had 4 spell levels left.
You knew the following spells:

 Your Spells              Type           Power      Damage    Failure   Level
a - Slow                  Hex            16%        N/A       19%         1

Your spell library contained the following spells:

 Spells                   Type           Power      Damage    Failure   Level
 Inner Flame              Hex/Fire       2%         N/A       65%         3
 Portal Projectile        Hex/Tloc       4%         N/A       65%         3
 Cause Fear               Hex            2%         N/A       88%         4

Inventory:

Hand Weapons
 Y - a +1 sling (weapon)
Armour
 h - a +0 leather armour (worn)
Jewellery
 b - an amulet of magic regeneration
 c - a ring of wizardry
Scrolls
 a - a scroll of identify
Potions
 f - a potion of cancellation {unknown}
 k - a potion of degeneration {unknown}

Dungeon Overview and Level Annotations

Branches:
Dungeon (2/15)

Altars:

Annotations:
D:2 Natasha


Message History

Natasha claws you.
Natasha wildly gestures.
You feel troubled. Natasha closely misses you.
You shoot a sling bullet. The sling bullet hits the worm.
The worm is severely wounded.
Natasha mumbles some strange words.
Natasha's front paws start to glow.
Natasha misses you. The worm bites you.
You shoot a sling bullet. The sling bullet hits the worm.
The worm is severely wounded.
Natasha claws you. Natasha misses you. The worm barely misses you.
You shoot a sling bullet. The sling bullet hits the worm.
The worm is almost dead.
Natasha misses you. You furiously retaliate!
You headbutt Natasha. Natasha barely misses you. You furiously retaliate!
You headbutt Natasha. The worm closely misses you.
You shoot a sling bullet. The sling bullet hits the worm.
You kill the worm!
Natasha claws you! Natasha closely misses you.
You shoot a sling bullet. The sling bullet misses Natasha.
Natasha barely misses you.
You shoot a sling bullet.
The sling bullet closely misses Natasha.
Natasha claws you but does no damage. Natasha misses you.
You shoot a sling bullet.
The sling bullet hits Natasha but does no damage.
Natasha is severely wounded.
Natasha closely misses you. Natasha barely misses you.
You shoot a sling bullet.
The sling bullet closely misses Natasha.
Natasha barely misses you.
You shoot a sling bullet.
The sling bullet closely misses Natasha.
Natasha claws you. Natasha claws you!
You shoot a sling bullet.
The sling bullet closely misses Natasha.
You feel yourself speed up. Natasha claws you. Natasha claws you!
You die...

#.# #.# #.# .##
#.# ...# #.#
#..### #.# .##....
#.#
......%######.#
.(# #..%@.##..#
..# ###..h.#..#
..# ##.#)...# ..#
###.##.#.# .##
#.%......######
..#
####.###..<......#
..#########....#
##........#
............#####
###......#
..####.)........##
#......#


You could see Natasha.

Vanquished Creatures
  Natasha (twice) (D:2)
  2 adders
  2 worms
  A dart slug (D:1)
  4 bats
  5 endoplasms
  2 giant cockroaches
  5 hobgoblins
  3 ball pythons
  A frilled lizard (D:1)
  2 goblins (D:1)
  3 kobolds
  2 rats (D:2)
34 creatures vanquished.

Notes
Turn   | Place    | Note
-------+----------+-------------------------------------------
     0 | D:1      | qw the Minotaur Hexslinger began the quest for the Orb.
     0 | D:1      | Reached XP level 1. HP: 16/16 MP: 1/1
     0 | D:1      | 0 ||| qw: Version: 0.3-a-40-ge99b1a8
     0 | D:1      | 0 ||| qw: Game counter: 7958
     0 | D:1      | 0 ||| qw: Melee chars always use a shield: true
     0 | D:1      | 0 ||| qw: God list: Okawaru
     0 | D:1      | 0 ||| qw: Allow faded altars: false
     0 | D:1      | 0 ||| qw: Do Orc after clearing Dungeon:15 true
     0 | D:1      | 0 ||| qw: Do second Lair branch before Depths: true
     0 | D:1      | 0 ||| qw: Lair rune preference: random
     0 | D:1      | 0 ||| qw: Goals: Normal
     0 | D:1      | 0 ||| PLANNING D:1-11
   206 | D:1      | Reached skill level 3 in Ranged Weapons
   206 | D:1      | Reached XP level 2. HP: 22/23 MP: 2/2
   281 | D:1      | Found a faded altar of an unknown god.
   758 | D:1      | 758 ||| UPGRADING to +0 leather armour.
   768 | D:1      | 768 ||| DROPPING +0 robe.
   769 | D:1      | 769 ||| READING 2 scrolls labelled WUARE BOYGH.
   770 | D:1      | 770 ||| READING 3 scrolls labelled REWASCH OROMORE.
   771 | D:1      | 771 ||| READING scroll labelled ZEPPAOM VIZEBI.
   772 | D:1      | 772 ||| READING scroll labelled VIOKOMU QACAO.
   818 | D:1      | 818 ||| DRINKING 2 inky potions.
   847 | D:1      | 847 ||| DROPPING scroll of poison.
   848 | D:1      | 848 ||| DROPPING 2 scrolls of noise.
   849 | D:1      | 849 ||| DROPPING potion of lignification.
   886 | D:2      | 886 ||| STAIRDANCE
   890 | D:1      | Reached XP level 3. HP: 19/29 MP: 3/3
  1001 | D:2      | Noticed Natasha
  1007 | D:2      | Killed Natasha
  1008 | D:2      | Reached skill level 4 in Ranged Weapons
  1008 | D:2      | 1008 ||| FLEEEEING.
  1016 | D:2      | Reached XP level 4. HP: 10/36 MP: 4/4
  1016 | D:2      | HP: 9/36 [rat (1)]
  1222 | D:2      | Noticed Natasha
  1229 | D:2      | Killed Natasha
  1230 | D:2      | Reached skill level 5 in Ranged Weapons
  1231 | D:2      | 1231 ||| FLEEEEING.
  1231 | D:2      | Noticed Natasha
  1243 | D:2      | HP: 5/36 [Natasha (9)]
  1244 | D:2      | Slain by Natasha

Levels and vault maps discovered:
D:1:      dpeg_arrival_erosion, layout_basic, shapermc_ecumenical_altar_venn
D:2:      layout_rooms, basic_altar, serial_park_tiny_1, uniq_natasha

Skill      XL: |  1  2  3  4 |
---------------+-------------+-----
Ranged Weapons | 3 4 5 |  5.1
Fighting       | 2 |  2.1
Dodging        | |  2.1
Spellcasting   | |  1.0
Hexes          | |  2.0

Action                     |  1- 3 |  4- 6 || total
---------------------------+-------+-------++-------
   Fire: Sling             |    66 |    50 ||   116
    Use: Scroll            |     4 |       ||     4
         Potion            |     1 |       ||     1
 Armour: Robe              |     1 |       ||     1
         Leather armour    |     9 |     5 ||    14
  Dodge: Dodged            |    20 |    26 ||    46

Table legend:
 A = Non-vault XP
 B = Vault XP
 C = Vault XP percentage of total XP
 D = Non-vault monster count
 E = Vault monster count
 F = Vault count percentage of total count
                 A         B        C        D         E       F
            +---------+---------+-------+---------+---------+-------
      Total |     124 |      35 |  22.0 |      33 |       1 |   2.9
            +---------+---------+-------+---------+---------+-------
        D:1 |      52 |       0 |   0.0 |      20 |       0 |   0.0
        D:2 |      72 |      35 |  32.7 |      13 |       1 |   7.1
            +---------+---------+-------+---------+---------+-------
